AoeStats
← dusthillresident

Arabia

510209055Analyzed
1v1 RM · 1d ago on Sep 30, 2026· 69m 1s· 2 players
Game mode
Random Map
Map size
Tiny (2 player)
Population
200
Speed
Normal
Resources
Standard
Victory
Conquest
Starting age
Dark Age
Ending age
Imperial Age
RankedLock teamsTeams togetherTeam positionsShared explorationLock speedFull tech treeHidden civsTurbo modeCheats
Victory
Defeat
🇬🇧 Inca · United Kingdom
793
+16
🇦🇷 Chinese · Argentina
791
-16
Ger!!!
2:10 Loom
12:37 Feudal Age
14:03 Town Watch
15:24 Wheelbarrow
18:10 Castle Age
16:22 Stone Mining
19:04 Wheelbarrow
20:15 Gold Mining
25:29 Horse Collar
28:18 Stone Shaft Mining
32:49 Heavy Plow
34:42 Double-Bit Axe
36:38 Hand Cart
39:52 Imperial Age
40:05 Murder Holes
47:08 Husbandry
48:00 Scale Barding Armor
48:17 Forging
49:35 Chain Barding Armor
63:52 Gold Shaft Mining
67:39 Fletching
67:50 Padded Archer Armor
68:29 Cavalier
dusthillresident
5:28 Loom
10:53 Feudal Age
11:37 Double-Bit Axe
12:43 Wheelbarrow
13:40 Fletching
17:23 Horse Collar
20:27 Scale Mail Armor
23:40 Forging
27:57 Castle Age
28:59 Bodkin Arrow
29:04 Padded Archer Armor
29:18 Bow Saw
30:19 Andean Sling
30:10 Elite Skirmisher
31:50 Squires
32:53 Leather Archer Armor
33:23 Ballistics
35:15 Iron Casting
34:55 Chain Mail Armor
44:08 Imperial Age
42:56 Masonry
43:10 Devotion
45:14 Conscription
46:39 Conscription
47:50 Plate Mail Armor
57:38 Arson
61:54 Thumb Ring
61:57 Bracer
62:57 Blast Furnace
65:03 Gold Mining
68:10 Fabric Shields
Connection lost

Rejoining the realm…

Still unreachable

The connection could not be restored.

Session expired

The server has moved on; the page needs a fresh start.